| TOP OF THE 1ST |
|
Modesto Nuts batting - Pitching for Lewiston Broncs : RHP Wray Bergendahl
|
|
Pitching: RHP Wray Bergendahl
|
|
|
Batting: SHB Mac Powers
|
0-0: Called Strike 0-1: Ball 1-1: Swinging Strike 1-2: Foul Ball, location: 2F 1-2: Foul Ball, location: 2F 1-2: Strikes out swinging
|
|
Batting: RHB Jesus Vila
|
0-0: Ground out 6-3 (Groundball, 56, EV 85.0 MPH)
|
|
Batting: RHB Antonio Lopez
|
0-0: Ball 1-0: Fly out, F9 (Line Drive, 9, EV 90.6 MPH)
|
| Top of the 1st over - 0 runs, 0 hits, 0 errors, 0 left on base; Modesto 0 - Lewiston 0 |
| BOTTOM OF THE 1ST |
|
Lewiston Broncs batting - Pitching for Modesto Nuts : RHP Glenn Ray
|
|
Pitching: RHP Glenn Ray
|
|
|
Batting: RHB Nehames Bernstine
|
0-0: Ball 1-0: Bunt missed! 1-1: Ball 2-1: Ball 3-1: Fly out, F8 (Flyball, 8LS, EV 82.5 MPH)
|
|
Batting: RHB Pablo Carballo
|
0-0: Called Strike 0-1: Ball 1-1: Ball 2-1: Swinging Strike 2-2: Strikes out swinging
|
|
Batting: RHB Rock Coyle
|
0-0: SINGLE (Line Drive, 7S, EV 98.8 MPH)
|
|
Batting: LHB Phil Stephenson
|
0-0: Called Strike 0-1: Ball 1-1: Ball 2-1: Fly out, F8 (Flyball, 78S, EV 88.1 MPH)
|
| Bottom of the 1st over - 0 runs, 1 hit, 0 errors, 1 left on base; Modesto 0 - Lewiston 0 |
| TOP OF THE 2ND |
|
Modesto Nuts batting - Pitching for Lewiston Broncs : RHP Wray Bergendahl
|
|
Batting: RHB Mike Mesh
|
0-0: Called Strike 0-1: Ball 1-1: Called Strike 1-2: Foul Ball, location: 2F 1-2: Ball 2-2: Ball 3-2: Base on Balls
|
|
Batting: RHB James Cecchini
|
0-0: Ball 1-0: Called Strike 1-1: Ball 2-1: Grounds into double play, 6-4-3 (Groundball, 6, EV 85.6 MPH)
|
|
Pitching: RHP Gerald Busby
|
|
|
Batting: RHB Andre Lowe
|
0-0: Called Strike 0-1: Foul Ball, location: 2F 0-2: Foul Ball, location: 2F 0-2: Foul Ball, location: 2F 0-2: Ball 1-2: Ball 2-2: Fly out, F3 (Line Drive, 3, EV 75.0 MPH)
|
| Top of the 2nd over - 0 runs, 0 hits, 0 errors, 0 left on base; Modesto 0 - Lewiston 0 |
| BOTTOM OF THE 2ND |
|
Lewiston Broncs batting - Pitching for Modesto Nuts : RHP Glenn Ray
|
|
Batting: LHB Al Leboeuf
|
0-0: Ball 1-0: Called Strike 1-1: Ball 2-1: Ball 3-1: Base on Balls
|
|
Batting: RHB Jay Schroeder
|
0-0: Ball 1-0: Called Strike 1-1: Grounds into double play, 6-4-3 (Groundball, 6, EV 79.4 MPH)
|
|
Batting: RHB Orlando Ramirez
|
0-0: Ball 1-0: Ball 2-0: Ball 3-0: Base on Balls
|
|
Batting: RHB Pablo Cavallo
|
0-0: Called Strike 0-1: Ball 1-1: Ball 2-1: SINGLE (Groundball, 6MD, EV 104.4 MPH) Orlando Ramirez to second Runner from 2nd tries for 3rd, SAFE, throw by CF made to third
|
|
Batting: RHB Carlos Gomez
|
Pickoff Throw to First - Out! 1-3
|
| Bottom of the 2nd over - 0 runs, 1 hit, 0 errors, 1 left on base; Modesto 0 - Lewiston 0 |
| TOP OF THE 3RD |
|
Modesto Nuts batting - Pitching for Lewiston Broncs : RHP Gerald Busby
|
|
Batting: RHB Jeff Mace
|
0-0: Swinging Strike 0-1: Ball 1-1: Ground out 3-1 (Groundball, 34, EV 106.9 MPH)
|
|
Batting: RHB Anthony Notaroberto
|
0-0: Called Strike 0-1: Ball 1-1: Foul Ball, location: 2F 1-2: Strikes out swinging
|
|
Batting: RHB Carlos Leal
|
0-0: Ball 1-0: Called Strike 1-1: Ground out 6-3 (Groundball, 6D, EV 110.6 MPH)
|
| Top of the 3rd over - 0 runs, 0 hits, 0 errors, 0 left on base; Modesto 0 - Lewiston 0 |
| BOTTOM OF THE 3RD |
|
Lewiston Broncs batting - Pitching for Modesto Nuts : RHP Glenn Ray
|
|
Batting: RHB Carlos Gomez
|
0-0: Ball 1-0: Ground out 4-3 (Groundball, 4, EV 100.0 MPH)
|
|
Batting: RHB Nehames Bernstine
|
0-0: Ball 1-0: Ball 2-0: Foul Ball, location: 2F 2-1: Ball 3-1: Called Strike 3-2: Strikes out swinging, 2-3 out at first.
|
|
Batting: RHB Pablo Carballo
|
0-0: Called Strike 0-1: Ball 1-1: Ball 2-1: Ball 3-1: Base on Balls
|
|
Batting: RHB Rock Coyle
|
0-0: Ball 1-0: Called Strike 1-1: 2-RUN HOME RUN (Flyball, 7D, EV 105.0 MPH), Distance : 362 ft
|
|
Batting: LHB Phil Stephenson
|
0-0: Foul Ball, location: 2F 0-1: Called Strike 0-2: Fly out, F9 (Flyball, 9, EV 87.5 MPH)
|
| Bottom of the 3rd over - 2 runs, 1 hit, 0 errors, 0 left on base; Modesto 0 - Lewiston 2 |
| TOP OF THE 4TH |
|
Modesto Nuts batting - Pitching for Lewiston Broncs : RHP Gerald Busby
|
|
Batting: SHB Mac Powers
|
0-0: Called Strike 0-1: Ball 1-1: Swinging Strike 1-2: Strikes out swinging
|
|
Batting: RHB Jesus Vila
|
0-0: Fly out, F9 (Flyball, 9, EV 83.8 MPH)
|
|
Batting: RHB Antonio Lopez
|
0-0: Called Strike 0-1: Foul Ball, location: 2F 0-2: Fly out, F4 (Popup, 4M, EV 53.8 MPH)
|
| Top of the 4th over - 0 runs, 0 hits, 0 errors, 0 left on base; Modesto 0 - Lewiston 2 |
| BOTTOM OF THE 4TH |
|
Lewiston Broncs batting - Pitching for Modesto Nuts : RHP Glenn Ray
|
|
Batting: LHB Al Leboeuf
|
0-0: Fly out, F6 (Popup, 6M, EV 52.5 MPH)
|
|
Batting: RHB Jay Schroeder
|
0-0: Foul Ball, location: 2F 0-1: Ball 1-1: Swinging Strike 1-2: Ball 2-2: Ball 3-2: Foul Ball, location: 2F 3-2: Base on Balls
|
|
Batting: RHB Orlando Ramirez
|
0-0: Ball 1-0: Ball 2-0: Ball 3-0: Called Strike 3-1: Base on Balls Jay Schroeder to second
|
|
Batting: RHB Pablo Cavallo
|
0-0: Called Strike 0-1: Fly out, F8 (Flyball, 8RXD, EV 101.3 MPH) Runner from 2nd tags up, SAFE at 3rd, no throw by CF
|
|
Batting: RHB Carlos Gomez
|
0-0: Ball 1-0: Ball 2-0: Ball 3-0: Called Strike 3-1: Foul Ball, location: 2F 3-2: Ground out 5-3 (Groundball, 56, EV 93.8 MPH)
|
| Bottom of the 4th over - 0 runs, 0 hits, 0 errors, 2 left on base; Modesto 0 - Lewiston 2 |
| TOP OF THE 5TH |
|
Modesto Nuts batting - Pitching for Lewiston Broncs : RHP Gerald Busby
|
|
Batting: RHB Mike Mesh
|
0-0: Called Strike 0-1: Fly out, F6 (Popup, 6S, EV 69.4 MPH)
|
|
Batting: RHB James Cecchini
|
0-0: Ball 1-0: Called Strike 1-1: Foul Ball, location: 2F 1-2: Ball 2-2: SINGLE (Flyball, 56D, EV 85.6 MPH)
|
|
Batting: RHB Andre Lowe
|
0-0: Called Strike 0-1: Fly out, F8 (Flyball, 8RS, EV 89.4 MPH)
|
|
Batting: RHB Jeff Mace
|
0-0: Called Strike 0-1: Ground out 5-3 (Groundball, 5S, EV 86.3 MPH)
|
| Top of the 5th over - 0 runs, 1 hit, 0 errors, 1 left on base; Modesto 0 - Lewiston 2 |
| BOTTOM OF THE 5TH |
|
Lewiston Broncs batting - Pitching for Modesto Nuts : RHP Glenn Ray
|
|
Batting: RHB Nehames Bernstine
|
0-0: Swinging Strike 0-1: Swinging Strike 0-2: SINGLE (Line Drive, 78M, EV 86.9 MPH)
|
|
Batting: RHB Pablo Carballo
|
0-0: Called Strike Nehames Bernstine steals 2nd base 0-1: Bunt missed! 0-2: Ball Wild Pitch! Nehames Bernstine to third 1-2: Ball 2-2: Ground out 6-3 (Groundball, 6, EV 81.9 MPH) Nehames Bernstine scores
|
|
Batting: RHB Rock Coyle
|
0-0: Called Strike 0-1: Ball 1-1: Ball 2-1: SINGLE (Line Drive, 34D, EV 98.8 MPH)
|
|
Batting: LHB Phil Stephenson
|
0-0: Ball 1-0: Called Strike 1-1: Called Strike 1-2: Ground out 6-3 (Groundball, 6MS, EV 67.5 MPH) Rock Coyle to second
|
|
Batting: LHB Al Leboeuf
|
0-0: Foul Ball, location: 2F 0-1: Swinging Strike 0-2: Ball 1-2: Ball 2-2: Foul Ball, location: 2F 2-2: Ball 3-2: Foul Ball, location: 2F 3-2: Fly out, F8 (Flyball, 8LS, EV 88.8 MPH)
|
| Bottom of the 5th over - 1 run, 2 hits, 0 errors, 1 left on base; Modesto 0 - Lewiston 3 |
| TOP OF THE 6TH |
|
Modesto Nuts batting - Pitching for Lewiston Broncs : RHP Gerald Busby
|
|
Batting: RHB Anthony Notaroberto
|
0-0: Foul Ball, location: 2F 0-1: Swinging Strike 0-2: Foul Ball, location: 2F 0-2: Strikes out looking
|
|
Batting: RHB Carlos Leal
|
0-0: Ball 1-0: Swinging Strike 1-1: Ball 2-1: Ball 3-1: Base on Balls
|
|
Batting: SHB Mac Powers
|
0-0: Called Strike 0-1: Called Strike 0-2: Ball 1-2: SINGLE (Line Drive, 56, EV 98.8 MPH) Carlos Leal to second
|
|
Pitching: RHP Bradley Burger
|
|
|
Batting: RHB Jesus Vila
|
0-0: Ball 1-0: Ball 2-0: Called Strike 2-1: Swinging Strike 2-2: Ball 3-2: Fly out, F6 (Popup, 4M, EV 69.4 MPH)
|
|
Batting: RHB Antonio Lopez
|
0-0: Foul Ball, location: 2F 0-1: SINGLE (Groundball, 56D, EV 97.5 MPH) (infield hit) Carlos Leal to third Mac Powers to second
|
|
Batting: RHB Mike Mesh
|
0-0: SINGLE (Groundball, 4MS, EV 71.9 MPH) (infield hit) Carlos Leal scores Mac Powers to third Antonio Lopez to second
|
|
Batting: RHB James Cecchini
|
0-0: Ball 1-0: Ball 2-0: Ball 3-0: Called Strike 3-1: SINGLE (Groundball, 6D, EV 94.4 MPH) Mac Powers scores Antonio Lopez to third Mike Mesh to second Runner from 3rd tries for Home, SAFE, throw by LF to home
|
|
Batting: RHB Andre Lowe
|
0-0: SINGLE (Groundball, 6MD, EV 105.0 MPH) Mike Mesh to third James Cecchini to second Runner from 3rd tries for Home, SAFE, throw by CF to home
|
|
Batting: RHB Jeff Mace
|
0-0: Foul Ball, location: 2F 0-1: Foul Ball, location: 2F 0-2: Foul Ball, location: 2F 0-2: Ball 1-2: Foul Ball, location: 2F 1-2: Ball 2-2: Ball 3-2: Fly out, F7 (Line Drive, 7, EV 103.1 MPH)
|
| Top of the 6th over - 4 runs, 5 hits, 0 errors, 2 left on base; Modesto 4 - Lewiston 3 |
| BOTTOM OF THE 6TH |
|
Lewiston Broncs batting - Pitching for Modesto Nuts : RHP Glenn Ray
|
|
Pitching: RHP Brian Puckett
|
|
|
Batting: RHB Jay Schroeder
|
0-0: Ball 1-0: Foul Ball, location: 2F 1-1: Ball 2-1: Foul Ball, location: 2F 2-2: Ball 3-2: Foul Ball, location: 2F 3-2: Base on Balls
|
|
Batting: RHB Orlando Ramirez
|
0-0: Sac Bunt to 13S - play at first, batter OUT! 1-4 Jay Schroeder to second
|
|
Batting: RHB Pablo Cavallo
|
0-0: SINGLE (Line Drive, 8LS, EV 99.4 MPH) Jay Schroeder to third
|
|
Batting: RHB Carlos Gomez
|
0-0: Ball 1-0: Swinging Strike 1-1: Ball 2-1: SINGLE (Flyball, 78S, EV 88.8 MPH) Jay Schroeder scores Pablo Cavallo to second
|
|
Batting: RHB Nehames Bernstine
|
0-0: Called Strike 0-1: Reached on error, E1 (Groundball, 23, EV 69.4 MPH) Pablo Cavallo to third Carlos Gomez to second
|
|
Batting: RHB Pablo Carballo
|
0-0: Ball 1-0: Called Strike 1-1: Ball Wild Pitch! Pablo Cavallo scores Carlos Gomez to third Nehames Bernstine to second 2-1: Foul Ball, location: 2F 2-2: Ball 3-2: Foul Ball, location: 2F 3-2: Base on Balls
|
|
Batting: RHB Rock Coyle
|
0-0: Ball 1-0: Foul Ball, location: 2F 1-1: Swinging Strike 1-2: Hit by Pitch Carlos Gomez scores Nehames Bernstine to third Pablo Carballo to second
|
|
Pitching: RHP Cornelius VanZutphen
|
|
|
Batting: LHB Phil Stephenson
|
0-0: Called Strike 0-1: Foul Ball, location: 2F 0-2: Foul Ball, location: 2F 0-2: Ball 1-2: Ball 2-2: Ball 3-2: Foul Ball, location: 2F 3-2: Foul Ball, location: 2F 3-2: SINGLE (Line Drive, 8RS, EV 107.5 MPH) Nehames Bernstine scores Pablo Carballo to third Rock Coyle to second Runner from 3rd tries for Home, SAFE, throw by CF to home
|
|
Batting: LHB Al Leboeuf
|
0-0: Foul Ball, location: 2F 0-1: Called Strike Rock Coyle steals 3rd base Phil Stephenson to second 0-2: Foul Ball, location: 2F 0-2: Ball 1-2: Fly out, F7 (Line Drive, 7, EV 99.4 MPH) Runner from 3rd tags up, SCORES, throw by LF
|
|
Batting: RHB Jay Schroeder
|
0-0: Ball 1-0: Ball 2-0: Called Strike 2-1: Fly out, F7 (Flyball, 7LM, EV 90.6 MPH)
|
| Bottom of the 6th over - 6 runs, 3 hits, 1 error, 1 left on base; Modesto 4 - Lewiston 9 |
| TOP OF THE 7TH |
|
Modesto Nuts batting - Pitching for Lewiston Broncs : RHP Bradley Burger
|
|
Batting: RHB Anthony Notaroberto
|
0-0: Ball 1-0: Ball 2-0: Ball 3-0: Called Strike 3-1: Base on Balls
|
|
Batting: RHB Carlos Leal
|
0-0: Fielders Choice at 2nd, 5-4 (Groundball, 5, EV 85.6 MPH)
|
|
Batting: SHB Mac Powers
|
0-0: Ball 1-0: Fly out, F8 (Flyball, 8RD, EV 96.9 MPH)
|
|
Batting: RHB Jesus Vila
|
0-0: Ground out 3-1 (Groundball, 34S, EV 83.1 MPH)
|
| Top of the 7th over - 0 runs, 0 hits, 0 errors, 1 left on base; Modesto 4 - Lewiston 9 |
| BOTTOM OF THE 7TH |
|
Lewiston Broncs batting - Pitching for Modesto Nuts : RHP Cornelius VanZutphen
|
|
Batting: RHB Orlando Ramirez
|
0-0: Swinging Strike 0-1: Fly out, F8 (Flyball, 8LS, EV 80.6 MPH)
|
|
Batting: RHB Pablo Cavallo
|
0-0: Called Strike 0-1: Called Strike 0-2: Foul Ball, location: 2F 0-2: SINGLE (Groundball, 4MD, EV 100.0 MPH)
|
|
Batting: RHB Carlos Gomez
|
0-0: Called Strike 0-1: SINGLE (Line Drive, 34D, EV 96.9 MPH) Pablo Cavallo to second Runner from 2nd tries for 3rd, SAFE, throw by RF made to third
|
|
Pitching: RHP Jon Mathews
|
|
|
Batting: RHB Nehames Bernstine
|
0-0: Ball 1-0: Swinging Strike 1-1: Foul Ball, location: 2F 1-2: Fielders Choice at 2nd, 2-6 (Groundball, 2R, EV 69.4 MPH)
|
|
Batting: RHB Pablo Carballo
|
0-0: Ball 1-0: Called Strike 1-1: Fielders Choice at 2nd, U6 (Groundball, 6M, EV 78.8 MPH)
|
| Bottom of the 7th over - 0 runs, 2 hits, 0 errors, 2 left on base; Modesto 4 - Lewiston 9 |
| TOP OF THE 8TH |
|
Modesto Nuts batting - Pitching for Lewiston Broncs : RHP Bradley Burger
|
|
Batting: RHB Antonio Lopez
|
0-0: Called Strike 0-1: Ball 1-1: Foul Ball, location: 2F 1-2: Fly out, F4 (Popup, 34S, EV 66.3 MPH)
|
|
Batting: RHB Mike Mesh
|
0-0: Ball 1-0: Called Strike 1-1: Fly out, F7 (Flyball, 7LS, EV 97.5 MPH)
|
|
Batting: RHB James Cecchini
|
0-0: Fly out, F7 (Flyball, 78M, EV 83.8 MPH)
|
| Top of the 8th over - 0 runs, 0 hits, 0 errors, 0 left on base; Modesto 4 - Lewiston 9 |
| BOTTOM OF THE 8TH |
|
Lewiston Broncs batting - Pitching for Modesto Nuts : RHP Jon Mathews
|
|
Batting: RHB Rock Coyle
|
0-0: Called Strike 0-1: Ball 1-1: Ball 2-1: Ground out 4-3 (Groundball, 4S, EV 91.9 MPH)
|
|
Batting: LHB Phil Stephenson
|
0-0: Ball 1-0: Ball 2-0: Ground out 6-3 (Groundball, P, EV 84.4 MPH)
|
|
Batting: LHB Al Leboeuf
|
0-0: Foul Ball, location: 2F 0-1: Ball 1-1: Reached on error, E6 (Groundball, 6, EV 82.5 MPH)
|
|
Batting: RHB Jay Schroeder
|
0-0: Called Strike 0-1: Foul Ball, location: 2F 0-2: Ball 1-2: Ball Balk! Al Leboeuf to second 2-2: Ball 3-2: Fly out, F8 (Flyball, 8RM, EV 86.9 MPH)
|
| Bottom of the 8th over - 0 runs, 0 hits, 1 error, 1 left on base; Modesto 4 - Lewiston 9 |
| TOP OF THE 9TH |
|
Modesto Nuts batting - Pitching for Lewiston Broncs : RHP Bradley Burger
|
|
Pitching: RHP Scott Barnhouse
|
|
|
Batting: RHB Andre Lowe
|
0-0: Ball 1-0: Swinging Strike 1-1: Foul Ball, location: 2F 1-2: Ball 2-2: Ball 3-2: Base on Balls
|
|
Batting: RHB Jeff Mace
|
0-0: SINGLE (Flyball, 89M, EV 93.1 MPH) Andre Lowe to second
|
|
Batting: RHB Anthony Notaroberto
|
0-0: Swinging Strike 0-1: Called Strike 0-2: Ball 1-2: Ball 2-2: Foul Ball, location: 2F 2-2: Foul Ball, location: 2F 2-2: Strikes out swinging
|
|
Batting: RHB Carlos Leal
|
0-0: Swinging Strike 0-1: Ball 1-1: Foul Ball, location: 2F 1-2: Strikes out swinging
|
|
Pitching: RHP Dave W Johnson
|
|
|
Batting: SHB Mac Powers
|
0-0: Called Strike 0-1: Ground out 4-3 (Groundball, 4, EV 97.5 MPH)
|
| Top of the 9th over - 0 runs, 1 hit, 0 errors, 2 left on base; Modesto 4 - Lewiston 9 |
|